 Dungeon Crawl Stone Soup version 0.21.1-1-g345015fe64 (webtiles) character file.

21 lo53n the Firebug (level 2, 0/19 HPs)
             Began as a Demonspawn Fire Elementalist on June 1, 2018.
             Slain by an adder (2 damage)
             ... on level 1 of the Dungeon.
             The game lasted 00:08:24 (1659 turns).

lo53n the Firebug (Demonspawn Fire Elementalist)    Turns: 1659, Time: 00:08:24

Health: 0/19       AC:  3    Str:  8    XL:     2   Next: 65%
Magic:  5/5        EV: 11    Int: 16    God:
Gold:   24         SH:  3    Dex: 13    Spells: 2/5 levels left

rFire    . . .     SeeInvis .   i - +0 dagger
rCold    . . .     Gourm    .   o - +0 buckler
rNeg     . . .     Faith    .   h - +0 robe
rPois    .         Spirit   .   (no helmet)
rElec    .         Reflect  .   (no cloak)
rCorr    .         Harm     .   (no gloves)
MR       .....                  c - +0 pair of boots
Stlth    ++........             (no amulet)
HPRegen  0.06/turn              (no ring)
MPRegen  0.09/turn              (no ring)

@: very slightly contaminated
A: demonic guardian 1
a: no special abilities


You were on level 1 of the Dungeon.
You were not hungry.

You visited 1 branch of the dungeon, and saw 2 of its levels.

You collected 24 gold pieces.

Inventory:

Hand Weapons
 i - a +0 dagger (weapon)
 l - a -2 hand axe
Armour
 a - a +0 robe
 c - a +0 pair of boots (worn)
 h - a +0 robe (worn)
 o - a +0 buckler (worn)
Scrolls
 e - 2 scrolls of remove curse
 f - 2 scrolls of teleportation
 g - a scroll of fog {unknown}
 m - 2 scrolls of identify {unknown}
 n - a scroll of amnesia {unknown}
 p - a scroll of noise
Potions
 d - a potion of cancellation {unknown}
 k - a potion of curing
Books
 b - a book of Flames

   Spells                             Type                      Level
   a - Flame Tongue                   Conjuration/Fire             1
   b - Throw Flame                    Conjuration/Fire             2
   c - Conjure Flame                  Conjuration/Fire             3
   d - Inner Flame                    Hexes/Fire                   3
   e - Sticky Flame                   Conjuration/Fire             4
   f - Fireball                       Conjuration/Fire             5
Comestibles
 q - 4 chunks of flesh


   Skills:
 + Level 0.2 Fighting
 + Level 0.0 Short Blades
 + Level 1.8 Dodging
 * Level 2.1 Stealth
 * Level 2.4 Spellcasting
 * Level 1.3 Conjurations
 * Level 2.9 Fire Magic


You had 2 spell levels left.
You knew the following spells:

 Your Spells              Type           Power        Failure   Level  Hunger
a - Flame Tongue          Conj/Fire      #....        14%         1    #......
b - Throw Flame           Conj/Fire      #.....       21%         2    ###....


Dungeon Overview and Level Annotations

Branches:
Dungeon (2/15)

Altars:


Innate Abilities, Weirdness & Mutations

A weak demonic guardian rushes to your aid.


Message History

* * * LOW HITPOINT WARNING * * *
You feel sick. The goblin hits you but does no damage.
The adder bites you but does no damage.
You climb upwards.
* * * LOW HITPOINT WARNING * * *
You feel sick.
The giant cockroach bites you but does no damage.
The giant cockroach closely misses you.
There is a stone staircase leading down, spattered with blood here.
It was a potion of curing.
You feel better. The adder barely misses you. The goblin hits you.
You block the giant cockroach's attack.
It was a potion of magic.
Magic courses through your body. The adder closely misses you.
The giant cockroach closely misses you. The goblin hits you.
The adder barely misses you. The giant cockroach barely misses you.
The adder bites you.
* * * LOW HITPOINT WARNING * * *
The adder closely misses you. The giant cockroach barely misses you.
The adder bites you.
You die...

.#.#....# #).#..##......#'#####
.##.....# ##.#..##..........###
.##....## #.###.#(.#........##.
.###..## ##.##.....#........###
.#.....# #.####....#........#
.#....## ###.# ##...#........#
.###.## ##...# #...#........#
.########....#######.#........#
................@Sg.>######'###
..###########.#5.s....#.....#
#.# ### #.#.......#.##### #.#
#.# #.#.......#.# #.###.#
#.#########[# #.....# #.#
#.####### #####.#######.#
#.#.....# ..# #.>.......#
#.#####.# ### #.#########
#.#####.#


You could see an adder, a giant cockroach, a goblin and a friendly iron imp.

Vanquished Creatures
  2 giant cockroaches (D:1)
  A hobgoblin (D:1)
  2 jackals (D:1)
  4 kobolds (D:1)
  A bat (D:1)
  3 frilled lizards (D:1)
  5 goblins
  2 rats (D:1)
20 creatures vanquished.

Vanquished Creatures (collateral kills)
  A jackal (D:2)
1 creature vanquished.

Vanquished Creatures (others)
  A rat (D:1)
1 creature vanquished.

Grand Total: 22 creatures vanquished

Notes
Turn   | Place    | Note
-------+----------+-------------------------------------------
     0 | D:1      | lo53n the Demonspawn Fire Elementalist began the quest for the Orb.
     0 | D:1      | Reached XP level 1. HP: 13/13 MP: 3/3
   337 | D:1      | Gained mutation: A weak demonic guardian rushes to your aid. [demonic ancestry]
   337 | D:1      | Reached XP level 2. HP: 13/19 MP: 0/5
   623 | D:1      | Learned a level 2 spell: Throw Flame
  1659 | D:1      | Slain by an adder

Skill      XL: |  1 |
---------------+----+-----
Stealth        | 2 |  2.1
Fighting       | |  0.2
Dodging        | |  1.8
Spellcasting   | |  2.4
Conjurations   | |  1.3
Fire Magic     | |  2.9

Action                   || total
-------------------------++-------
Melee: Dagger            ||    53
       Unarmed           ||     6
 Cast: Flame Tongue      ||    20
       Throw Flame       ||     1
  Use: Scroll            ||     3
       Potion            ||     2
 Stab: Sleeping          ||     1
  Eat: Ration            ||     1
Armor: Robe              ||    21
Dodge: Dodged            ||    74
Block: Buckler           ||    10
